 Dungeon Crawl Stone Soup version 0.29-a0-878-g7b45a56547 (webtiles) character file.

Game seed: 12961687617591042073

12 buhh the Vexing (level 2, -3/20 HPs)
             Began as a Meteoran Enchanter on July 19, 2022.
             Killed from afar by a dart slug (4 damage)
             ... with a slug dart
             ... on level 1 of the Dungeon.
             The game lasted 00:00:57 (394 turns).

buhh the Vexing (Meteoran Enchanter)                 Turns: 394, Time: 00:00:58

Health: -3/20      AC:  2    Str:  9    XL:     2   Next: 64%
Magic:  6/6        EV: 12    Int: 16    God:
Gold:   46         SH:  0    Dex: 14    Spells: 6/6 levels left

rFire   . . .      SeeInvis .   c - +1 dagger
rCold   . . .      Faith    .   (no shield)
rNeg    . . .      Spirit   .   b - +0 robe
rPois   .          Reflect  .   (no helmet)
rElec   .          Harm     .   (no cloak)
rCorr   .          Rampage  .   (no gloves)
Will    .....                   (no boots)
Stlth   +.........              (no amulet)
HPRegen 0.06/turn               (no ring)
MPRegen 0.10/turn               (no ring)

@: hasted, glowing, very quick
A: sense surroundings 1, otherworldly, glowing, explore regen
a: no special abilities


You were on level 1 of the Dungeon.
You visited 1 branch of the dungeon, and saw 1 of its levels.

You collected 46 gold pieces.

Inventory:

Hand Weapons
 c - a +1 dagger (weapon)
Armour
 b - a +0 robe (worn)
Scrolls
 a - 2 scrolls of identify {!d}
 f - a scroll of magic mapping {unknown}


   Skills:
 - Level 1.1 Short Blades
 - Level 2.4 Dodging
 - Level 2.1 Stealth
 - Level 2.6 Spellcasting
 * Level 4.5 Hexes


You had 6 spell levels left.
You didn't know any spells.
Your spell library contained the following spells:

 Spells                   Type           Power      Damage    Failure   Level
 Confusing Touch          Hex            16%        N/A       9%          3
 Tukima's Dance           Hex            16%        N/A       9%          3
 Ensorcelled Hibernation  Hex/Ice        18%        N/A       12%         2
 Dazzling Flash           Conj/Hex       18%        N/A       22%         3
 Inner Flame              Hex/Fire       9%         N/A       22%         3
 Cause Fear               Hex            8%         N/A       30%         4
 Discord                  Hex            8%         N/A       100%        8


Dungeon Overview and Level Annotations

Branches:
Dungeon (1/15) Zot: 207

Altars:


Innate Abilities, Weirdness & Mutations

You passively map a small area around you.
You are easily found by Zot.
You glow in the dark.
You regain HP and MP as you explore.


Message History

You hit the hobgoblin.
The hobgoblin is severely wounded.
The hobgoblin hits you.
You hit the hobgoblin.
You kill the hobgoblin!
The bat closely misses you. The bat misses you.
You see here a hobgoblin corpse.
The bat closely misses you. The bat hits you but does no damage.
The bat closely misses you.
You see here a +0 dagger.
The bat closely misses you. The bat attacks as you move away!
The bat hits you but does no damage. x2
The bat misses you. The bat hits you. The bat barely misses you.
The dart slug launches a dart at you. The slug dart hits you.
* * * LOW HITPOINT WARNING * * *
The bat hits you.
* * * LOW HITPOINT WARNING * * *
The bat closely misses you. The bat closely misses you.
As you read the scroll labelled VULAXT OH QAX, it crumbles to dust.
It is a scroll of identify.
d - a scroll of fear;
a - 2 scrolls of identify;
c - a +1 dagger (weapon)
The bat barely misses you.
As you read the scroll of fear {!d}, it crumbles to dust.
You assume a fearsome visage.
The rat looks frightened!
The bat looks frightened!
It was a potion of haste.
You feel yourself speed up. The dart slug launches a dart at you.
The slug dart hits you.
* * * LOW HITPOINT WARNING * * *
The bat hits you but does no damage. The bat closely misses you.
The dart slug launches a dart at you. The slug dart hits you.
You die...

........######.#####..#... #
...?...........##......##.###
* .......w†...##..#......#
)...
.........##)##.........####.#
.........##.###..............
.........##.....r####'#.....#
........###(w.......#........
* #########
##........#....#...
#@.......#..####.#
#####..b.....#........
#...........?#.####.##
#............#.# #.#.
#...........##.# #.#.
#...........##.# #.#.
#[...........#.## #.#
############.#...,..# #....#
###


You could see a dart slug, a bat and a rat (fleeing).

Vanquished Creatures
  A dart slug (D:1)
  2 hobgoblins (D:1)
  A quokka (D:1)
  3 bats (D:1)
  3 frilled lizards (D:1)
  A rat (D:1)
11 creatures vanquished.

Notes
Turn   | Place    | Note
-------+----------+-------------------------------------------
     0 | D:1      | buhh the Meteoran Enchanter began the quest for the Orb.
     0 | D:1      | Reached XP level 1. HP: 14/14 MP: 5/5
    44 | D:1      | Found a faded altar of an unknown god.
   122 | D:1      | Reached skill level 4 in Hexes
   139 | D:1      | Reached XP level 2. HP: 19/20 MP: 6/6
   392 | D:1      | HP: 1/20 [dart slug/slug dart (3)]
   394 | D:1      | Killed from afar by a dart slug

Illustrated notes

Levels and vault maps discovered:
D:1:      wheals_arrival_linesprint, layout_basic, ebering_ecumenical_altar_box

Skill      XL: |  1 |
---------------+----+-----
Hexes          | 4 |  4.5
Short Blades   | |  1.1
Dodging        | |  2.4
Stealth        | |  2.1
Spellcasting   | |  2.6

Action                   || total
-------------------------++-------
Melee: Dagger            ||    27
  Use: Scroll            ||     2
       Potion            ||     1
 Stab: Sleeping          ||     1
Armor: Robe              ||    11
Dodge: Dodged            ||    21

Table legend: (Time is in decaauts)
 A = Elapsed time spent in this place.
 B = Non-inter-level travel time spent in this place.
 C = Inter-level travel time spent in this place.
 D = Time resting spent in this place.
 E = Time spent auto-exploring this place.
 F = Levels seen in this place.
 G = Mean time per level.
                   A        B        C        D        E       F      G
               +--------+--------+--------+--------+--------+-----+--------+
         Total |    391 |    391 |      0 |      0 |    247 |   1 |  391.0 |
       Dungeon |    391 |    391 |      0 |      0 |    247 |   1 |  391.0 |
               +--------+--------+--------+--------+--------+-----+--------+

Top non-repeatable levels by time:
     D:1: 391 daAuts
